 Dungeon Crawl Stone Soup version 0.24-a0-725-gf1a930fc54 (webtiles) character file.

Game seed: 14468373735479375420, levelgen mode: deterministic

77 2BsUSBport the Covered (level 4, -1/36 HPs)
             Began as a Human Fighter on Oct 1, 2019.
             Slain by a quokka (4 damage)
             ... on level 2 of the Dungeon.
             The game lasted 00:04:46 (1575 turns).

2BsUSBport the Covered (Human Fighter)              Turns: 1575, Time: 00:04:47

Health: -1/36      AC:  7    Str: 18    XL:     4   Next: 60%
Magic:  4/4        EV:  9    Int:  8    God:
Gold:   112        SH:  0    Dex: 12    Spells: 3/3 levels left

rFire    . . .     SeeInvis .   a - +0 trident
rCold    . . .     Gourm    .   (no shield)
rNeg     . . .     Faith    .   b - +0 scale mail
rPois    .         Spirit   .   (no helmet)
rElec    .         Reflect  .   (no cloak)
rCorr    .         Harm     .   (no gloves)
MR       .....                  (no boots)
Stlth    ..........             (no amulet)
HPRegen  0.12/turn              (no ring)
MPRegen  0.09/turn              (no ring)

@: no status effects
A: no striking features
a: no special abilities


You were on level 2 of the Dungeon.
You were not hungry.

You visited 1 branch of the dungeon, and saw 2 of its levels.

You collected 112 gold pieces.

Inventory:

Hand Weapons
 a - a +0 trident (weapon)
Armour
 b - a +0 scale mail (worn)
Jewellery
 f - an uncursed ring of protection from magic {unknown}
Scrolls
 j - a scroll of remove curse {unknown}
Potions
 c - a potion of haste {unknown}
 d - a potion of might
 e - a potion of mutation {unknown}
 g - a potion of curing {unknown}
 h - a potion of degeneration {unknown}
 i - a potion of berserk rage {unknown}


   Skills:
 + Level 3.6 Fighting
 + Level 3.1 Polearms
 + Level 3.7 Armour
 + Level 0.4 Dodging
   Level 3.0 Shields


You had 3 spell levels left.
You didn't know any spells.
Your spell library was empty.

Dungeon Overview and Level Annotations

Branches:
Dungeon (2/15)

Altars:


Message History

The adder bites you.
* * * LOW HITPOINT WARNING * * *
The quokka barely misses you. The adder closely misses you.
You miss the adder.
The adder is almost dead.
The quokka bites you.
* * * LOW HITPOINT WARNING * * *
The adder barely misses you. The quokka barely misses you.
You hit the adder but do no damage.
The adder is almost dead.
The adder bites you but does no damage. The quokka closely misses you.
The adder bites you but does no damage.
You hit the adder.
You kill the adder!
Your Polearms skill increases to level 3!
The quokka barely misses you.
You barely miss the quokka.
The quokka bites you but does no damage. x2
You closely miss the quokka. The quokka bites you.
You die...

#..# #.......... #...
#.......... #...
#.......... #...
#.......... #...
#........ #... #......#
#..# #..†r..# #...
#############@# #...
#.#...........#.# #..†
#.#.#########.#.#######
#...
#.#.#....†....†........
#...
#.#.#.#######.#.#######
#... #.#.#.........#.#
#... #.#.###########.#
#..# ##.#........ ..#
#..# ............ ...
#...


You could see a quokka.

Vanquished Creatures
  4 adders (D:2)
  2 dart slugs (D:1)
  A leopard gecko (D:2)
  7 bats
  4 giant cockroaches
  5 goblins
  2 hobgoblins
  6 frilled lizards (D:1)
  3 kobolds (D:1)
  3 rats
37 creatures vanquished.

Notes
Turn   | Place    | Note
-------+----------+-------------------------------------------
     0 | D:1      | 2BsUSBport the Human Fighter began the quest for the Orb.
     0 | D:1      | Reached XP level 1. HP: 18/18 MP: 1/1
   139 | D:1      | Reached XP level 2. HP: 23/24 MP: 2/2
   377 | D:1      | Reached XP level 3. HP: 29/29 MP: 3/3
  1338 | D:2      | Reached XP level 4. HP: 33/36 MP: 4/4
  1575 | D:2      | Slain by a quokka

Levels and vault maps discovered:
D:1:      minmay_arrival_four_loops, layout_basic, minmay_pentomino_r2
D:2:      layout_basic

Skill      XL: |  1  2  3  4 |
---------------+-------------+-----
Polearms       | 3 |  3.1
Fighting       | |  3.6
Armour         | |  3.7
Dodging        | |  0.4
Shields        | |  3.0

Action                   |  1- 3 |  4- 6 || total
-------------------------+-------+-------++-------
Melee: Trident           |   120 |    52 ||   172
  Use: Scroll            |     4 |       ||     4
  Eat: Ration            |     1 |       ||     1
Armor: Scale mail        |    51 |    38 ||    89
Dodge: Dodged            |    51 |    34 ||    85

Table legend:
 A = Non-vault XP
 B = Vault XP
 C = Vault XP percentage of total XP
 D = Non-vault monster count
 E = Vault monster count
 F = Vault count percentage of total count
                 A         B        C        D         E       F
            +---------+---------+-------+---------+---------+-------
      Total |     109 |       2 |   1.8 |      35 |       2 |   5.4
            +---------+---------+-------+---------+---------+-------
        D:1 |      42 |       2 |   4.5 |      24 |       2 |   7.7
        D:2 |      67 |       0 |   0.0 |      11 |       0 |   0.0
            +---------+---------+-------+---------+---------+-------
